 Dungeon Crawl Stone Soup version 0.28.0-45-g0d030f2227 (webtiles) character file.

Game seed: 67179217903977933

1134 mortz the Conjurer (level 8, -8/53 HPs)
             Began as a Human Conjurer on Apr 20, 2022.
             Was an Initiate of Gozag.
             Hit by a boomerang thrown by an orc warrior (10 damage)
             ... on level 6 of the Dungeon.
             The game lasted 00:32:01 (6747 turns).

mortz the Conjurer (Human Conjurer)                 Turns: 6747, Time: 00:32:01

Health: -8/53      AC:  8    Str:  9    XL:     8   Next: 63%
Magic:  7/14       EV: 11    Int: 22    God:    Gozag
Gold:   680        SH:  3    Dex: 11    Spells: 12/15 levels left

rFire   . . .      SeeInvis .   r - +0 flail of Crusades {protect, Int+2 Stlth+, mace}
rCold   . . .      Faith    .   c - +0 buckler
rNeg    . . .      Spirit   .   t - +3 leather armour
rPois   .          Reflect  .   e - +0 helmet
rElec   .          Harm     .   (no cloak)
rCorr   .          Rampage  .   s - +0 pair of gloves
Will    +....                   (no boots)
Stlth   +++.......              b - amulet of regeneration {@e2}
HPRegen 0.97/turn               a - ring of willpower
MPRegen 0.14/turn               (no ring)

@: no status effects
A: no striking features
a: Renounce Religion, Potion Petition, Call Merchant, Bribe Branch


You were on level 6 of the Dungeon.
You worshipped Gozag.
Gozag was pleased with you.
You visited 1 branch of the dungeon, and saw 6 of its levels.

You collected 747 gold pieces.
You paid 67 gold pieces to Gozag.


   Skills:
 + Level 0.6 Fighting
 + Level 1.0 Maces & Flails
 + Level 2.3 Armour
 + Level 3.0 Dodging
 + Level 3.3 Stealth
 + Level 0.1 Shields
 + Level 4.1 Spellcasting
 + Level 5.9 Conjurations
 + Level 3.1 Hexes
 + Level 3.0 Translocations
 + Level 2.2 Fire Magic
 * Level 1.7 Earth Magic
 + Level 0.1 Evocations


You had 12 spell levels left.
You knew the following spells:

 Your Spells              Type           Power      Damage    Failure   Level
a - Magic Dart            Conj           100%       1d8       1%          1
b - Searing Ray           Conj           60%        2d6       2%          2

Your spell library contained the following spells:

 Spells                   Type           Power      Damage    Failure   Level
 Dazzling Flash           Conj/Hex       48%        N/A       10%         3
 Stone Arrow              Conj/Erth      42%        3d9       13%         3
 Portal Projectile        Hex/Tloc       36%        N/A       17%         3
 Pain                     Necr           16%        1d4       21%         1
 Inner Flame              Hex/Fire       16%        N/A       21%         3
 Mephitic Cloud           Conj/Pois/Air  13%        N/A       26%         3
 Call Imp                 Summ           4%         N/A       30%         2
 Fulminant Prism          Conj/Hex       12%        3d9       32%         4
 Iskenderun's Mystic Bla  Conj/Tloc      24%        2d7       32%         4
 Animate Armour           Summ/Erth      16%        N/A       80%         4
 Agony                    Necr           4%         N/A       99%         5
 Blade Hands              Tmut           2%         N/A       99%         5
 Excruciating Wounds      Necr           2%         N/A       99%         5
 Conjure Ball Lightning   Conj/Air       8%         3x3d6     100%        6
 Lehudib's Crystal Spear  Conj/Erth      10%        10d4      100%        8
 Maxwell's Capacitive Co  Air            2%         ∞         100%        8

Inventory:

Hand Weapons
 j - a +2 whip of venom {mace}
   (You took it off a kobold on level 1 of the Dungeon)
 l - the +7 Singing Sword {vorpal, sonic wave}
   (You found it on level 5 of the Dungeon)

   It inflicts extra damage upon your enemies.
   It radiates damaging sonic waves as it strikes, especially in combat
   involving dangerous or numerous foes.
 q - a +4 dagger {short}
   (You took it off a goblin on level 1 of the Dungeon)
 r - the +0 flail of Crusades (weapon) {protect, Int+2 Stlth+, mace}
   (You found it on level 2 of the Dungeon)

   It grants its wielder temporary protection when it strikes (+7 to AC).
   Int:       It affects your intelligence (+2).
   Stlth:     It makes you more stealthy.
 w - a +0 halberd {polearm}
   (You took it off a gnoll on level 2 of the Dungeon)
 z - a +2 war axe of flaming {axe}
   (You took it off an orc on level 5 of the Dungeon)
Missiles
 h - 19 poisoned darts {throwing}
Armour
 c - a +0 buckler (worn)
   (You found it on level 5 of the Dungeon)
 e - a +0 helmet (worn)
   (You found it on level 1 of the Dungeon)
 s - a +0 pair of gloves (worn)
   (You found it on level 2 of the Dungeon)
 t - a +3 leather armour (worn)
   (You took it off an orc on level 1 of the Dungeon)
 v - a +0 leather armour of willpower
   (You took it off an orc on level 5 of the Dungeon)
Magical Staves
 k - a staff of death {!astaff}
   (You found it on level 5 of the Dungeon)
 y - a staff of poison {!astaff}
   (You took it off an orc on level 5 of the Dungeon)
Jewellery
 a - a ring of willpower (left hand)
   (You found it on level 4 of the Dungeon)
 b - an amulet of regeneration (around neck) {@e2}
   (You found it on level 1 of the Dungeon)
Wands
 p - a wand of flame (20)
   (You found it on level 5 of the Dungeon)
 u - a wand of polymorph (7)
   (You found it on level 6 of the Dungeon)
Scrolls
 n - a scroll of brand weapon {unknown}
 x - a scroll of enchant weapon {unknown}
Potions
 d - a potion of magic {unknown}
 g - a potion of brilliance
 i - a potion of attraction {!q}
 m - 3 potions of flight
 o - a potion of might

Dungeon Overview and Level Annotations

Branches:
Dungeon (6/15)             Temple (0/1) D:5

Altars:
Elyvilon
Fedhas
Gozag
Kikubaaqudgha
Qazlal
The Shining One

Shops:
D:3 (

Annotations:
D:6 exclusions: cyclops and troll, Edmund

. #...# .#. ## #...## ##
...#..##.##....#####
.######.....#..#......#..@
..(.##....(.........@.....
....#....#...............#
........# ##...gg.....#
..o..#..# #....g@.$.##
###..##.####...g.....##
####.##..##..#.....#..##
#...o##......##...##...##
.............###.###o...#
......o##.###.##(##.###o#
.......o...## C#.#.###..#
##.......<..####o####..##
#####..........⌠...o.##


You could see Edmund, an orc warrior and 4 gnolls.


Message History

Confirm with . or Enter, or press ? or * to list all spells.
Aiming: Searing Ray (safe; 2% risk of failure)
Press: ? - help, Shift-Dir - straight line, f - orc warrior
Aim: an orc warrior, wielding a +0 glaive, wearing a +0 chain mail and quivering boomerangs (77% to hit)
The searing ray hits the orc warrior. (Press . to maintain the ray.)
The orc warrior throws a boomerang.
The boomerang hits you! 😮 HP[-14] MP[-2]
You take 14 damage, and now have 39/53 hp.
MASSIVE DAMAGE!! (PAUSE)
You lost 2 mp, and now have 12/14 mp.
The searing ray misses the orc warrior.
The orc warrior hits you from afar with a +0 glaive. 😮 HP[-4] MP[-1]
You take 4 damage, and now have 35/53 hp.
You lost 1 mp, and now have 11/14 mp.
The searing ray hits the orc warrior.
The orc warrior throws a boomerang.
The boomerang hits you. 😮 HP[-2] MP[-1]
You take 2 damage, and now have 33/53 hp.
You lost 1 mp, and now have 10/14 mp.
The searing ray misses the orc warrior.
You finish channelling your searing ray.
You block the orc warrior's attack. 😮 HP[+1] MP[-1]
You lost 1 mp, and now have 9/14 mp.
The orc warrior hits you from afar with a +0 glaive. 😮 HP[-1]
You take 1 damage, and now have 33/53 hp.
Casting: Searing Ray (safe; 2% risk of failure)
Confirm with . or Enter, or press ? or * to list all spells.
Aiming: Searing Ray (safe; 2% risk of failure)
Press: ? - help, Shift-Dir - straight line, f/p - orc warrior
Aim: an orc warrior, wielding a +0 glaive, wearing a +0 chain mail and quivering boomerangs (moderately wounded, 77% to hit)
The searing ray hits the orc warrior. (Press . to maintain the ray.)
The orc warrior throws a boomerang.
The boomerang barely misses you. 😮 HP[+1] MP[-2]
You lost 2 mp, and now have 7/14 mp.
The searing ray hits the orc warrior.
The orc warrior closely misses you. 😮 HP[+1]
The searing ray hits the orc warrior.
The orc warrior hits you from afar with a +0 glaive!
* * * LOW HITPOINT WARNING * * *
😨 HP[-9] MP[-1]
You take 9 damage, and now have 26/53 hp.
You lost 1 mp, and now have 6/14 mp.
The searing ray hits the orc warrior but does no damage.
You finish channelling your searing ray.
The orc warrior completely misses you. 😮 HP[+1] MP[-1]
You lost 1 mp, and now have 5/14 mp.
The orc warrior throws a boomerang.
The boomerang barely misses you. 😮 HP[+1] 😮 HP[+1] 😮 HP[+1] 😮 HP[+1] 😮 HP[+1] MP[+1]
The orc warrior throws a boomerang.
The boomerang hits you!
* * * LOW HITPOINT WARNING * * *
😨 HP[-7]
You take 7 damage, and now have 25/53 hp. 😨 HP[+1] 😮 HP[+1] 😮 HP[+1] 😮 HP[+1]
A gnoll comes into view. It is wielding a +0 flail.
A gnoll comes into view. It is wielding a +0 whip.
A gnoll comes into view. It is wielding a +0 flail. 😮 HP[+1]
A gnoll comes into view. It is wielding a +0 club.
The gnoll shouts! x2
The gnoll throws a throwing net.
The throwing net closely misses you.
The gnoll shouts! x2 😮 HP[+1] MP[+1]
You hear a shout!
The orc warrior throws a boomerang.
The boomerang hits you!
* * * LOW HITPOINT WARNING * * *
😨 HP[-12]
You take 12 damage, and now have 19/53 hp.
MASSIVE DAMAGE!! (PAUSE)
The orc warrior throws a boomerang.
The boomerang barely misses you. 😨 HP[+1]
The gnoll closely misses you.
The orc warrior throws a boomerang.
The boomerang hits you!
* * * LOW HITPOINT WARNING * * *
😱 HP[-9]
You take 9 damage, and now have 11/53 hp.
The gnoll completely misses you. You block the gnoll's attack.
The gnoll closely misses you. The gnoll barely misses you.
There is a stone staircase leading up here. 😱 HP[+1]
The gnoll hits you with a +0 whip.
* * * LOW HITPOINT WARNING * * *
The gnoll hits you with a +0 flail!
* * * LOW HITPOINT WARNING * * *
The gnoll misses you.
The orc warrior throws a boomerang.
The boomerang hits you!
You die...
Your body crumbles into a pile of gold.

Skill      XL: |  1  2  3  4  5  6  7  8 |
---------------+-------------------------+-----
Conjurations   | 5 |  5.9
Translocations | 1 2 3 |  3.0
Spellcasting   | 3 4 |  4.1
Hexes          | 1 2 3 |  3.1
Fire Magic     | 1 2 |  2.2
Armour         | 2 |  2.3
Stealth        | 3 |  3.3
Earth Magic    | 1 |  1.7
Dodging        | 3 |  3.0
Maces & Flails | 1 |  1.0
Fighting       | |  0.6
Shields        | |  0.1
Evocations     | |  0.1

Action                   |  1- 3 |  4- 6 |  7- 9 || total
-------------------------+-------+-------+-------++-------
Melee: Mace              |     2 |       |       ||     2
       Punch             |     1 |     1 |       ||     2
       Dagger            |     1 |       |       ||     1
       Flail             |       |     7 |     4 ||    11
 Cast: Magic Dart        |    51 |    49 |    38 ||   138
       Searing Ray       |    10 |    24 |    31 ||    65
Evoke: Wand              |       |       |     4 ||     4
  Use: Scroll            |       |     7 |     3 ||    10
       Potion            |       |       |     1 ||     1
 Stab: Sleeping          |     1 |       |       ||     1
Armor: Robe              |     2 |     4 |       ||     6
       Leather armour    |       |     2 |     8 ||    10
Dodge: Dodged            |     3 |    16 |    29 ||    48
Block: Buckler           |       |       |     6 ||     6

Levels and vault maps discovered:
D:1:      ebering_trefoil_twist, layout_basic, nicolae_ecumenical_lake_church,
          interstate_on_off
D:2:      cheibrodos_pilgrimage, layout_basic
D:3:      layout_rooms, mainiacjoe_overflow_alcove_2,
          mainiacjoe_overflow_surrounded_room, serial_shops, shop_fountains
D:4:      layout_loops_cross, mainiacjoe_overflow_alcove_1, serial_forest,
          infiniplex_forest_end_3, infiniplex_forest_lined_room_3,
          infiniplex_forest_clump_C, infiniplex_forest_straight_2,
          infiniplex_forest_lined_1, infiniplex_forest_straight_3,
          infiniplex_forest_clump_tiny, infiniplex_forest_end_2,
          infiniplex_forest_straight_2, infiniplex_forest_lined_3
D:5:      old_forge, layout_cave_pools, mainiacjoe_overflow_cross_hatched,
          minmay_temple_entry_waves, uniq_grinder
D:6:      layout_cave_pools, mainiacjoe_overflow_small_starburst,
          chequers_temple_overflow_statue_of_worship, minivault_14, kb_rosetta,
          uniq_edmund

Notes
Turn   | Place    | Note
-------+----------+-------------------------------------------
     0 | D:1      | mortz the Human Conjurer began the quest for the Orb.
     0 | D:1      | Reached XP level 1. HP: 13/13 MP: 3/3
     0 | D:1      | magus.rc [v1.9.6]
   197 | D:1      | Reached XP level 2. HP: 19/19 MP: 0/5
   200 | D:1      | Learned a level 2 spell: Searing Ray
   643 | D:1      | Reached XP level 3. HP: 24/24 MP: 2/6
   729 | D:1      | You pick up a book of Conjurations {@e2} and begin
                  | reading...
  1017 | D:1      | Found a faded altar of an unknown god.
  1615 | D:2      | Identified the +0 flail of Crusades {protect, Int+2 Stlth+}
  1683 | D:2      | Reached XP level 4. HP: 30/30 MP: 2/7
  1996 | D:2      | Reached skill level 5 in Conjurations
  2308 | D:2      | Reached XP level 5. HP: 20/35 MP: 2/9
  2312 | D:2      | Reached skill level 1 in Translocations
  2502 | D:2      | Reached skill level 3 in Spellcasting
  2589 | D:2      | Reached skill level 1 in Hexes
  2594 | D:2      | Reached XP level 6. HP: 41/41 MP: 0/10
  2785 | D:3      | Found an opulent altar of Gozag.
  2790 | D:3      | Became a worshipper of Gozag Ym Sagoz the Greedy
  2797 | D:3      | Found Exzoumo's Weapon Shop.
  2946 | D:3      | Found a glowing golden altar of the Shining One.
  3059 | D:3      | You add the spells Inner Flame, Conjure Ball Lightning and
                  | Maxwell's Capacitive Coupling to your library.
  3059 | D:3      | Got Sif Muna's Papyrus of Gliding Ignition
  3623 | D:4      | You pick up a book of Weapons and begin reading...
  3623 | D:4      | You add the spells Portal Projectile, Excruciating Wounds
                  | and Blade Hands to your library.
  4062 | D:4      | Noticed a black bear
  4074 | D:4      | Killed a black bear
  4449 | D:4      | Found a stormy altar of Qazlal.
  4726 | D:5      | Entered Level 5 of the Dungeon
  4726 | D:5      | Noticed Grinder
  4788 | D:5      | Reached skill level 2 in Hexes
  4788 | D:5      | Reached skill level 2 in Translocations
  4788 | D:5      | Reached skill level 1 in Fire Magic
  4788 | D:5      | Reached XP level 7. HP: 46/46 MP: 3/12
  4946 | D:5      | You pick up a book of Armaments and begin reading...
  4946 | D:5      | You add the spells Stone Arrow, Animate Armour and
                  | Lehudib's Crystal Spear to your library.
  5084 | D:5      | Found a staircase to the Ecumenical Temple.
  5093 | D:5      | You pick up a book of Pain and begin reading...
  5093 | D:5      | You add the spells Pain and Agony to your library.
  5138 | D:5      | Reached skill level 1 in Armour
  5142 | D:5      | Reached skill level 3 in Stealth
  5416 | D:5      | Reached skill level 2 in Armour
  5416 | D:5      | Reached skill level 1 in Earth Magic
  5416 | D:5      | Reached XP level 8. HP: 53/53 MP: 7/13
  5469 | D:5      | Found the +7 Singing Sword {vorpal, sonic wave}
  5613 | D:5      | Reached skill level 3 in Dodging
  5724 | D:5      | Killed Grinder
  5725 | D:5      | Reached skill level 1 in Maces & Flails
  5725 | D:5      | Reached skill level 4 in Spellcasting
  5725 | D:5      | Reached skill level 3 in Hexes
  5725 | D:5      | Reached skill level 2 in Fire Magic
  6129 | D:5      | Found an ancient bone altar of Kikubaaqudgha.
  6198 | D:5      | You pick up a book of Minor Magic and begin reading...
  6198 | D:5      | You add the spells Call Imp and Mephitic Cloud to your
                  | library.
  6344 | D:6      | Noticed a cyclops
  6399 | D:6      | HP: 13/53 [orc priest/divine providence (7)]
  6400 | D:6      | HP: 3/53 [orc priest/divine providence (11)]
  6518 | D:6      | Found a white marble altar of Elyvilon.
  6519 | D:6      | magus.rc [v1.9.6]
  6519 | D:6      | Found a blossoming altar of Fedhas.
  6541 | D:5      | HP: 13/53 [orc warrior/+0 war axe (18)]
  6543 | D:5      | HP: 2/53 [orc warrior/+0 war axe (13)]
  6547 | D:5      | Reached skill level 3 in Translocations
  6684 | D:6      | Noticed Edmund
  6711 | D:6      | Noticed a troll
  6745 | D:6      | HP: 11/53 [orc warrior/boomerang (10)]
  6747 | D:6      | HP: 2/53 [gnoll/+0 flail (10)]
  6747 | D:6      | Hit by a boomerang thrown by an orc warrior

Vanquished Creatures
  Grinder (D:5)
  An orc warrior (D:5)
  A black bear (D:4)
  5 scorpions (D:5)
  A hound (D:5)
  3 orc priests
  A bullfrog skeleton (D:5)
  3 iguanas
  A hound skeleton (D:5)
  5 adders
  4 gnolls (D:2)
  A white imp (D:5)
  An ufetubus (D:5)
  An adder zombie (D:5)
  5 worms
  A dart slug (D:3)
  12 orcs
  9 ball pythons
  5 endoplasms
  4 giant cockroaches
  8 goblins
  6 hobgoblins
  2 jackals (D:3)
  9 kobolds
  4 quokkas
  14 bats
  4 frilled lizards
  5 rats
117 creatures vanquished.

Vanquished Creatures (others)
  14 fungi (D:5)
  A plant (D:4)
15 creatures vanquished.

Grand Total: 132 creatures vanquished

Table legend:
 A = Non-vault XP
 B = Vault XP
 C = Vault XP percentage of total XP
 D = Non-vault monster count
 E = Vault monster count
 F = Vault count percentage of total count
                 A         B        C        D         E       F
            +---------+---------+-------+---------+---------+-------
      Total |     811 |     810 |  50.0 |      95 |      22 |  18.8
            +---------+---------+-------+---------+---------+-------
        D:1 |      50 |      43 |  46.2 |      31 |       2 |   6.1
        D:2 |      95 |      88 |  48.1 |      19 |       4 |  17.4
        D:3 |      47 |       0 |   0.0 |      18 |       0 |   0.0
        D:4 |     162 |       0 |   0.0 |       6 |       0 |   0.0
        D:5 |     435 |     679 |  61.0 |      17 |      16 |  48.5
        D:6 |      22 |       0 |   0.0 |       4 |       0 |   0.0
            +---------+---------+-------+---------+---------+-------

Illustrated notes

Table legend:
 A = Kills in this place as a percentage of kills in entire the game.
 B = Kills by you in this place as a percentage of kills by you in the entire game.
 C = Kills by friends in this place as a percentage of kills by friends in the entire game.
 D = Other kills in this place as a percentage of other kills in the entire game.
 E = Experience gained in this place as a percentage of experience gained in the entire game.
 F = Experience gained in this place divided by the number of levels of this place that you have seen.
                   A       B       C       D       E      F
               +-------+-------+-------+-------+-------+----------------------
         Total | 100.0 | 100.0 |   N/A |   N/A | 100.0 | 270.2
       Dungeon | 100.0 | 100.0 |   N/A |   N/A | 100.0 | 270.2
               +-------+-------+-------+-------+-------+----------------------

Table legend: (Time is in decaauts)
 A = Elapsed time spent in this place.
 B = Non-inter-level travel time spent in this place.
 C = Inter-level travel time spent in this place.
 D = Time resting spent in this place.
 E = Time spent auto-exploring this place.
 F = Levels seen in this place.
 G = Mean time per level.
                   A        B        C        D        E       F      G
               +--------+--------+--------+--------+--------+-----+--------+
         Total |   6761 |   6511 |    250 |   1042 |   4514 |   6 | 1126.8 |
       Dungeon |   6761 |   6511 |    250 |   1042 |   4514 |   6 | 1126.8 |
               +--------+--------+--------+--------+--------+-----+--------+

Top non-repeatable levels by time:
     D:5: 1708 daAuts
     D:1: 1606 daAuts
     D:4: 1330 daAuts
     D:2: 1186 daAuts
     D:3: 748 daAuts
     D:6: 181 daAuts
